MLB
CHICAGO WHITE SOX @ SEATTLE MARINERS
07/02/2044
 
TOP OF THE 1ST
Chicago White Sox batting - Pitching for Seattle Mariners : RHP Yuri Bijleveld
Pitching: RHP Yuri Bijleveld
Batting: LHB Antonio Figueroa 0-0: SINGLE (Groundball, 34D, EV 97.5 MPH)
Batting: SHB Cesar Herrera 0-0: Called Strike
Antonio Figueroa is caught stealing 2nd base 2-6
0-1: Fly out, F6 (Popup, 6M, EV 71.9 MPH)
Batting: LHB Randy Rosenberry 0-0: Ball
1-0: Called Strike
1-1: Ball
2-1: Ball
3-1: Ground out 4-3 (Groundball, 4, EV 83.1 MPH)
Top of the 1st over - 0 runs, 1 hit, 0 errors, 0 left on base; Chicago 0 - Seattle 0
BOTTOM OF THE 1ST
Seattle Mariners batting - Pitching for Chicago White Sox : RHP Ricky Salas
Pitching: RHP Ricky Salas
Batting: RHB Jose Vasquez 0-0: Foul Ball, location: 2F
0-1: Ball
1-1: SINGLE (Groundball, 34D, EV 86.2 MPH) (infield hit)
Batting: LHB Dae-ik Yoon 0-0: Ball
1-0: Called Strike
1-1: Ball
2-1: Foul Ball, location: 2F
2-2: Fielders Choice at 2nd, 3-6 (Groundball, 13, EV 92.5 MPH)
Batting: SHB Floyd-William Goof 0-0: Ball
1-0: Called Strike
1-1: Ball
2-1: Ball
3-1: Base on Balls
Dae-ik Yoon to second
Batting: SHB Tze-meng Gan 0-0: Swinging Strike
0-1: Ball
1-1: Fly out, F6 (Popup, 6S, EV 80.6 MPH)
Batting: LHB Bi-jun Chien 0-0: Ball
1-0: Ball
2-0: Called Strike
2-1: Ball
3-1: Called Strike
3-2: Fly out, F8 (Flyball, 8LXD, EV 95.6 MPH)
Bottom of the 1st over - 0 runs, 1 hit, 0 errors, 2 left on base; Chicago 0 - Seattle 0
TOP OF THE 2ND
Chicago White Sox batting - Pitching for Seattle Mariners : RHP Yuri Bijleveld
Batting: RHB Joseph Disepolo 0-0: Called Strike
0-1: Fly out, F5 (Line Drive, 5, EV 72.5 MPH)
Batting: LHB Jack Christie 0-0: Called Strike
0-1: Ball
1-1: Ball
2-1: Ground out 5-3 (Groundball, 56, EV 102.5 MPH)
Batting: RHB Hiroshige Yamada 0-0: Ball
1-0: Ball
2-0: Fly out, F7 (Flyball, 7, EV 92.5 MPH)
Top of the 2nd over - 0 runs, 0 hits, 0 errors, 0 left on base; Chicago 0 - Seattle 0
BOTTOM OF THE 2ND
Seattle Mariners batting - Pitching for Chicago White Sox : RHP Ricky Salas
Batting: RHB Steve Bartman Jr. 0-0: Ball
1-0: Ball
2-0: Foul Ball, location: 2F
2-1: Foul Ball, location: 2F
2-2: Foul Ball, location: 2F
2-2: Strikes out looking
Batting: LHB John Zumbo 0-0: Called Strike
0-1: Ball
1-1: Foul Ball, location: 2F
1-2: Ball
2-2: Fly out, F9 (Line Drive, 9, EV 85.0 MPH)
Batting: RHB Young-kwang Ohnn 0-0: Called Strike
0-1: Ball
1-1: Ground out 4-3 (Groundball, 4, EV 111.9 MPH)
Bottom of the 2nd over - 0 runs, 0 hits, 0 errors, 0 left on base; Chicago 0 - Seattle 0
TOP OF THE 3RD
Chicago White Sox batting - Pitching for Seattle Mariners : RHP Yuri Bijleveld
Batting: LHB Brian Feher 0-0: Called Strike
0-1: SINGLE (Groundball, 4MD, EV 97.5 MPH)
Batting: RHB Rocky Campbell 0-0: Ball
1-0: Called Strike
1-1: Foul Ball, location: 2F
1-2: Fly out, F7 (Flyball, 78XD, EV 101.9 MPH)
Batting: LHB Juan Concepcion 0-0: Called Strike
0-1: Ground out U3 (Groundball, 34S, EV 68.8 MPH)
Brian Feher to second
Batting: LHB Antonio Figueroa 0-0: Foul Ball, location: 2F
0-1: Ball
1-1: Ball
2-1: Called Strike
2-2: Fly out, F5 (Popup, 5F, EV 65.6 MPH)
Top of the 3rd over - 0 runs, 1 hit, 0 errors, 1 left on base; Chicago 0 - Seattle 0
BOTTOM OF THE 3RD
Seattle Mariners batting - Pitching for Chicago White Sox : RHP Ricky Salas
Batting: RHB Corey Ottinger 0-0: Foul Ball, location: 2F
0-1: Foul Ball, location: 2F
0-2: Foul Ball, location: 2F
0-2: Strikes out looking
Batting: RHB Jose Vasquez 0-0: DOUBLE (Line Drive, 5D, EV 96.2 MPH)
Batting: LHB Dae-ik Yoon 0-0: Ball
1-0: Fly out, F3 (Line Drive, 3, EV 68.8 MPH)
Batting: SHB Floyd-William Goof 0-0: Ball
1-0: Foul Ball, location: 2F
1-1: Called Strike
1-2: SINGLE (Line Drive, 4MD, EV 102.5 MPH)
Jose Vasquez to third
Runner from 3rd tries for Home, SAFE, throw by CF to home
Batting: SHB Tze-meng Gan 0-0: 2-RUN HOME RUN (Flyball, 7D, EV 95.0 MPH), Distance : 368 ft
Batting: LHB Bi-jun Chien 0-0: Called Strike
0-1: Ball
1-1: Foul Ball, location: 2F
1-2: Foul Ball, location: 2F
1-2: Fly out, F8 (Flyball, 78XD, EV 90.6 MPH)
Bottom of the 3rd over - 3 runs, 3 hits, 0 errors, 0 left on base; Chicago 0 - Seattle 3
TOP OF THE 4TH
Chicago White Sox batting - Pitching for Seattle Mariners : RHP Yuri Bijleveld
Batting: SHB Cesar Herrera 0-0: DOUBLE (Line Drive, 78XD, EV 106.9 MPH)
Batting: LHB Randy Rosenberry 0-0: Ball
1-0: Ball
2-0: Ball
3-0: Called Strike
3-1: Foul Ball, location: 2F
3-2: Fly out, F7 (Flyball, 7LS, EV 86.2 MPH)
Batting: RHB Joseph Disepolo 0-0: Foul Ball, location: 2F
0-1: Swinging Strike
0-2: Ball
1-2: Foul Ball, location: 2F
1-2: Ball
2-2: Foul Ball, location: 2F
2-2: 2-RUN HOME RUN (Flyball, 9LD, EV 93.1 MPH), Distance : 336 ft
Batting: LHB Jack Christie 0-0: Called Strike
0-1: Ball
1-1: Ball
2-1: Foul Ball, location: 2F
2-2: Foul Ball, location: 2F
2-2: Foul Ball, location: 2F
2-2: Ball
3-2: SINGLE (Line Drive, 7S, EV 95.6 MPH)
Batting: RHB Hiroshige Yamada 0-0: Ball
1-0: Foul Ball, location: 2F
1-1: Foul Ball, location: 2F
1-2: Ball
2-2: Ball
3-2: DOUBLE (Line Drive, 8LXD, EV 107.5 MPH)
Jack Christie to third
Batting: LHB Brian Feher 0-0: Ball
1-0: Foul Ball, location: 2F
1-1: Ground out U3 (Groundball, 13, EV 92.5 MPH)
Jack Christie scores
Hiroshige Yamada to third
Batting: RHB Rocky Campbell 0-0: Ball
1-0: Called Strike
1-1: Foul Ball, location: 2F
1-2: Ball
2-2: Fly out, F6 (Popup, 4MD, EV 50.6 MPH)
Top of the 4th over - 3 runs, 4 hits, 0 errors, 1 left on base; Chicago 3 - Seattle 3
BOTTOM OF THE 4TH
Seattle Mariners batting - Pitching for Chicago White Sox : RHP Ricky Salas
Batting: RHB Steve Bartman Jr. 0-0: Called Strike
0-1: Foul Ball, location: 2F
0-2: Strikes out looking
Batting: LHB John Zumbo 0-0: Foul Ball, location: 2F
0-1: Foul Ball, location: 2F
0-2: Ball
1-2: Ball
2-2: Foul Ball, location: 2F
2-2: Ball
3-2: TRIPLE (Flyball, 9LD, EV 111.2 MPH)
Batting: RHB Young-kwang Ohnn 0-0: Ground out 3-1 (Groundball, 34S, EV 81.2 MPH)
John Zumbo scores
Batting: RHB Corey Ottinger 0-0: Foul Ball, location: 2F
0-1: Called Strike
0-2: Ball
1-2: Strikes out swinging
Bottom of the 4th over - 1 run, 1 hit, 0 errors, 0 left on base; Chicago 3 - Seattle 4
TOP OF THE 5TH
Chicago White Sox batting - Pitching for Seattle Mariners : RHP Yuri Bijleveld
Batting: LHB Juan Concepcion 0-0: Foul Ball, location: 2F
0-1: Ball
1-1: Ball
2-1: Swinging Strike
2-2: Ground out 3-1 (Groundball, 34S, EV 87.5 MPH)
Batting: LHB Antonio Figueroa 0-0: Foul Ball, location: 2F
0-1: Ball
1-1: Ball
2-1: Fly out, F8 (Line Drive, 8LD, EV 84.4 MPH)
Batting: SHB Cesar Herrera 0-0: Ball
1-0: Swinging Strike
1-1: Swinging Strike
1-2: Ball
2-2: Fly out, F7 (Flyball, 7D, EV 96.9 MPH)
Top of the 5th over - 0 runs, 0 hits, 0 errors, 0 left on base; Chicago 3 - Seattle 4
BOTTOM OF THE 5TH
Seattle Mariners batting - Pitching for Chicago White Sox : RHP Ricky Salas
Batting: RHB Jose Vasquez 0-0: Ball
1-0: Called Strike
1-1: Swinging Strike
1-2: Ground out 6-3 (Groundball, 6, EV 101.2 MPH)
Batting: LHB Dae-ik Yoon 0-0: Called Strike
0-1: Called Strike
0-2: Strikes out looking
Batting: SHB Floyd-William Goof 0-0: Ball
1-0: Foul Ball, location: 2F
1-1: Ball
2-1: Foul Ball, location: 2F
2-2: Ball
3-2: Foul Ball, location: 2F
3-2: Ground out 6-3 (Groundball, 6, EV 103.1 MPH)
Bottom of the 5th over - 0 runs, 0 hits, 0 errors, 0 left on base; Chicago 3 - Seattle 4
TOP OF THE 6TH
Chicago White Sox batting - Pitching for Seattle Mariners : RHP Yuri Bijleveld
Pitching: RHP Elias Gonzalez
Batting: LHB Randy Rosenberry 0-0: Called Strike
0-1: Foul Ball, location: 2F
0-2: Fly out, F5 (Popup, 5, EV 67.5 MPH)
Batting: RHB Joseph Disepolo 0-0: Ball
1-0: Ball
2-0: Ball
3-0: Called Strike
3-1: Called Strike
3-2: DOUBLE (Line Drive, 89M, EV 94.4 MPH)
Batting: LHB Jack Christie 0-0: Ball
1-0: Foul Ball, location: 2F
1-1: Called Strike
Joseph Disepolo steals 3rd base
1-2: Ground out U3 (Groundball, 3, EV 83.8 MPH)
Batting: RHB Hiroshige Yamada 0-0: Ball
1-0: 2-RUN HOME RUN (Line Drive, 78XD, EV 110.0 MPH), Distance : 439 ft
Batting: LHB Brian Feher 0-0: Called Strike
0-1: Ball
1-1: Called Strike
1-2: Strikes out swinging
Top of the 6th over - 2 runs, 2 hits, 0 errors, 0 left on base; Chicago 5 - Seattle 4
BOTTOM OF THE 6TH
Seattle Mariners batting - Pitching for Chicago White Sox : RHP Ricky Salas
Batting: SHB Tze-meng Gan 0-0: Foul Ball, location: 2F
0-1: Called Strike
0-2: Ball
1-2: Strikes out swinging
Batting: LHB Bi-jun Chien 0-0: Ball
1-0: Foul Ball, location: 2F
1-1: Called Strike
1-2: SOLO HOME RUN (Flyball, 7D, EV 94.4 MPH), Distance : 371 ft
Pitching: RHP Gerbrand van de Bilt
Batting: RHB Steve Bartman Jr. 0-0: Called Strike
0-1: Foul Ball, location: 2F
0-2: Foul Ball, location: 2F
0-2: Ball
1-2: Fly out, F8 (Line Drive, 8LM, EV 98.1 MPH)
Batting: LHB John Zumbo 0-0: Foul Ball, location: 2F
0-1: Swinging Strike
0-2: Ball
1-2: Strikes out looking
Bottom of the 6th over - 1 run, 1 hit, 0 errors, 0 left on base; Chicago 5 - Seattle 5
TOP OF THE 7TH
Chicago White Sox batting - Pitching for Seattle Mariners : RHP Elias Gonzalez
Batting: RHB Rocky Campbell 0-0: Ball
1-0: Foul Ball, location: 2F
1-1: Swinging Strike
1-2: Strikes out swinging
Batting: LHB Juan Concepcion 0-0: Called Strike
0-1: Ball
1-1: Foul Ball, location: 2F
1-2: Ball
2-2: Foul Ball, location: 2F
2-2: Fly out, F7 (Flyball, 7LM, EV 83.8 MPH)
Batting: LHB Antonio Figueroa 0-0: Ball
1-0: SINGLE (Line Drive, 9LS, EV 98.8 MPH)
Batting: SHB Cesar Herrera 0-0: Ball
1-0: Ball
Wild Pitch!
Antonio Figueroa to second
2-0: Foul Ball, location: 2F
2-1: Ball
3-1: SINGLE (Line Drive, 9S, EV 90.0 MPH)
Antonio Figueroa to third
Runner from 3rd tries for Home, throw by RF and OUT! 9-2
Top of the 7th over - 0 runs, 2 hits, 0 errors, 1 left on base; Chicago 5 - Seattle 5
BOTTOM OF THE 7TH
Seattle Mariners batting - Pitching for Chicago White Sox : RHP Gerbrand van de Bilt
Batting: RHB Young-kwang Ohnn 0-0: Ball
1-0: Called Strike
1-1: Called Strike
1-2: Hit by Pitch
Batting: RHB Corey Ottinger 0-0: Ball
1-0: 2-RUN HOME RUN (Flyball, 7LD, EV 95.6 MPH), Distance : 348 ft
Batting: RHB Jose Vasquez 0-0: Ball
1-0: Swinging Strike
1-1: SINGLE (Groundball, 6S, EV 66.9 MPH) (infield hit)
Batting: LHB Dae-ik Yoon 0-0: Ball
1-0: Ball
2-0: Sac Bunt to P - play at first, batter OUT! 1-4
Jose Vasquez to second
Batting: SHB Floyd-William Goof 0-0: Swinging Strike
0-1: Ball
1-1: Called Strike
Jose Vasquez steals 3rd base
1-2: Foul Ball, location: 2F
1-2: Strikes out swinging
Batting: SHB Tze-meng Gan 0-0: Foul Ball, location: 2F
0-1: SINGLE (Line Drive, 6MD, EV 104.4 MPH)
Jose Vasquez scores
Pitching: LHP Ryan Daidone
Batting: LHB Bi-jun Chien 0-0: Ball
1-0: Called Strike
1-1: Ball
2-1: Ball
3-1: Called Strike
3-2: Foul Ball, location: 2F
3-2: Fly out, F7 (Flyball, 7LS, EV 89.4 MPH)
Bottom of the 7th over - 3 runs, 3 hits, 0 errors, 1 left on base; Chicago 5 - Seattle 8
TOP OF THE 8TH
Chicago White Sox batting - Pitching for Seattle Mariners : RHP Elias Gonzalez
Pitching: RHP Bo Chia
Batting: LHB Randy Rosenberry 0-0: Foul Ball, location: 2F
0-1: Ball
1-1: Ground out U3 (Groundball, 3, EV 87.5 MPH)
Batting: RHB Joseph Disepolo 0-0: Ground out 5-3 (Groundball, 56, EV 87.5 MPH)
Batting: LHB Jack Christie 0-0: Swinging Strike
0-1: Swinging Strike
0-2: Foul Ball, location: 2F
0-2: Strikes out swinging
Top of the 8th over - 0 runs, 0 hits, 0 errors, 0 left on base; Chicago 5 - Seattle 8
BOTTOM OF THE 8TH
Seattle Mariners batting - Pitching for Chicago White Sox : LHP Ryan Daidone
Batting: RHB Steve Bartman Jr. 0-0: Ball
1-0: Called Strike
1-1: Ball
2-1: Fly out, F8 (Flyball, 8LD, EV 103.1 MPH)
Batting: LHB John Zumbo 0-0: Foul Ball, location: 2F
0-1: Swinging Strike
0-2: Ball
1-2: Foul Ball, location: 2F
1-2: Strikes out looking
Batting: RHB Young-kwang Ohnn 0-0: Called Strike
0-1: Swinging Strike
0-2: Ball
1-2: Ground out 4-3 (Groundball, 13, EV 90.0 MPH)
Bottom of the 8th over - 0 runs, 0 hits, 0 errors, 0 left on base; Chicago 5 - Seattle 8
TOP OF THE 9TH
Chicago White Sox batting - Pitching for Seattle Mariners : RHP Bo Chia
Pitching: RHP David Sly
Batting: RHB Hiroshige Yamada 0-0: Ball
1-0: Foul Ball, location: 2F
1-1: Foul Ball, location: 2F
1-2: Strikes out swinging
Batting: LHB Brian Feher 0-0: Ball
1-0: Fly out, F7 (Flyball, 78D, EV 107.5 MPH)
Batting: RHB Rocky Campbell 0-0: Called Strike
0-1: Ball
1-1: Ball
2-1: Foul Ball, location: 2F
2-2: Ball
3-2: Ground out 4-3 (Groundball, P, EV 81.9 MPH)
Top of the 9th over - 0 runs, 0 hits, 0 errors, 0 left on base; Chicago 5 - Seattle 8
Thursday, March 31st , 2022 - OOTP Baseball 22.12 Build 89